 Dungeon Crawl Stone Soup version 0.20-a0-942-ga5226df (webtiles) character file.

4 M4edhros the Grave Robber (level 1, -1/11 HPs)
             Began as an Octopode Necromancer on Apr 1, 2017.
             Slain by Ijyb (3 damage)
             ... on level 4 of the Dungeon.
             The game lasted 00:00:53 (144 turns).

M4edhros the Grave Robber (Octopode Necromancer)     Turns: 144, Time: 00:00:54

Health: -1/11      AC:  1    Str:  7    XL:     1   Next: 70%
Magic:  2/3        EV: 13    Int: 17    God:
Gold:   15         SH:  0    Dex: 12    Spells: 3/4 levels left

rFire    . . .     SeeInvis .     - Unarmed
rCold    . . .     Gourm    .   (no shield)
rNeg     . . .     Faith    .   (helmet restricted)
rPois    .         Spirit   .   (no amulet)
rElec    .         Reflect  .   (no ring)
rCorr    .         Harm     .   (no ring)
MR       .....                  (no ring)
Stlth    +++.......             (no ring)
Regen    0.1/turn               (no ring)
MPRegen  0.1/turn               (no ring)
                                (no ring)
                                (no ring)

@: no status effects
A: almost no armour, stealthy swim, amphibious, 8 rings, constrict 8, camouflage
1, gelatinous body 1
a: no special abilities


You were on level 4 of the Dungeon.
You were not hungry.

You visited 1 branch of the dungeon, and saw 4 of its levels.

You collected 15 gold pieces.

Inventory:

Scrolls
 d - 2 scrolls of identify {unknown}
Books
 a - a book of Necromancy

   Spells                             Type                      Level
   a - Pain                           Necromancy                   1
   b - Animate Skeleton               Necromancy                   1
   c - Vampiric Draining              Necromancy                   3
   d - Regeneration                   Charms/Necromancy            3
   e - Animate Dead                   Necromancy                   4
   f - Control Undead                 Necromancy                   4
Comestibles
 b - 2 bread rations


   Skills:
 - Level 2.0 Dodging
 - Level 2.6 Stealth
 + Level 1.2 Unarmed Combat
 - Level 2.0 Spellcasting
 - Level 4.0 Necromancy


You had 3 spell levels left.
You knew the following spells:

 Your Spells              Type           Power        Failure   Level  Hunger
a - Pain                  Necr           ###.         3%          1    #......


Dungeon Overview and Level Annotations

Branches:
Dungeon (4/15)
 Temple: D:4-7

Altars:

Annotations:
D:4 Grinder, Ijyb


Innate Abilities, Weirdness & Mutations

You cannot wear most types of armour.
You are very stealthy in the water. (Stealth+)
You are amphibious.
You can wear up to eight rings at the same time.
You can use your tentacles to constrict eight enemies at once.
Your skin changes colour to match your surroundings (Stealth+).
Your rubbery body absorbs attacks. (AC +1, EV +1)


Message History

You constrict Ijyb, but do no damage. Ijyb misses you.
You release your grip on Ijyb.
You barely miss Ijyb. You grab Ijyb.
Ijyb is heavily wounded.
You constrict Ijyb, but do no damage. Ijyb barely misses you.
Grinder blinks!
You tentacle-slap Ijyb but do no damage.
You squeeze Ijyb, but do no damage.
Ijyb is heavily wounded.
You constrict Ijyb, but do no damage. Ijyb hits you but does no damage.
You tentacle-slap Ijyb but do no damage.
You squeeze Ijyb, but do no damage.
Ijyb is heavily wounded.
You constrict Ijyb, but do no damage. Ijyb closely misses you.
You tentacle-slap Ijyb but do no damage.
Ijyb is heavily wounded.
You constrict Ijyb. Ijyb misses you.
Grinder blinks!
You tentacle-slap Ijyb but do no damage.
Ijyb is heavily wounded.
You constrict Ijyb. Ijyb hits you.
You die...

.. . #.#. .
.... .. ..# ..#
ยง.. ...+
#######.##....#
.............#
#g# #@# ####.#
#...[# #.####
#.# #.#
#######.#
#.......#
#.#######


You could see Ijyb.

Vanquished Creatures
  A dart slug (D:1)
  2 kobolds
3 creatures vanquished.

Notes
Turn   | Place    | Note
-------+----------+-------------------------------------------
     0 | D:1      | M4edhros the Octopode Necromancer began the quest for the Orb.
     0 | D:1      | Reached XP level 1. HP: 11/11 MP: 3/3
    27 | D:1      | Reached skill level 1 in Unarmed Combat
   119 | D:4      | Noticed Ijyb
   128 | D:4      | Noticed Grinder
   144 | D:4      | Slain by Ijyb

Vault maps used:
D:1:      dpeg_arrival_arbitrary_c, nemelex_altar_shiori
D:2:      serial_forest, infiniplex_forest_fountain, infiniplex_forest_lined_3,
          infiniplex_forest_clump_small, infiniplex_forest_3_way,
          infiniplex_forest_end_1, infiniplex_forest_clump_C,
          infiniplex_forest_end_2, infiniplex_forest_corner_2, uniq_terence,
          uniq_sigmund
D:3:      nicolae_overflow_crystal_walls, first_bread,
          hangedman_abyss_or_decor_stabs
D:4:      minmay_temple_entry_statues_pillars, roderic_ancient_swastika,
          uniq_iyjb, uniq_grinder, uniq_eustachio

Skill      XL: |  1 |
---------------+----+-----
Unarmed Combat | 1 |  1.2
Dodging        | |  2.0
Stealth        | |  2.6
Spellcasting   | |  2.0
Necromancy     | |  4.0

Action                   || total
-------------------------++-------
Melee: Unarmed           ||    26
       Tentacles         ||     5
       Constrict         ||     4
 Cast: Pain              ||     4
  Use: Potion            ||     1
Armor: Skin              ||     1
Dodge: Dodged            ||    20
